 Dungeon Crawl Stone Soup version 0.29-a0-323-g050149af67 (webtiles) character file.

Game seed: 6027071519571996744

86 Jortsu the Vandal (level 4, 0/42 HPs)
             Began as a Troll Hunter on Apr 11, 2022.
             Was a High Priest of Ignis.
             Slain by a goblin
             ... wielding a +0 club
             ... led by Robin
              (5 damage)
             ... on level 3 of the Dungeon.
             The game lasted 00:03:50 (1807 turns).

Jortsu the Vandal (Troll Hunter)                    Turns: 1807, Time: 00:03:51

Health: 0/42       AC:  5    Str: 19    XL:     4   Next: 26%
Magic:  3/3        EV: 14    Int:  5    God:    Ignis [*****.]
Gold:   127        SH:  0    Dex: 15    Spells: 3/3 levels left

rFire   + . .      SeeInvis .     - Unarmed
rCold   . . .      Faith    .   (no shield)
rNeg    . . .      Spirit   .   b - +1 robe
rPois   .          Reflect  .   (helmet restricted)
rElec   .          Harm     .   (no cloak)
rCorr   .          Rampage  .   (gloves unavailable)
Will    .....                   (boots unavailable)
Stlth   ++........              (no amulet)
HPRegen 0.94/turn               d - +4 ring of evasion
MPRegen 0.08/turn               (no ring)

@: no status effects
A: large, unfitting armour, claws 3, regeneration 1, shaggy fur 1, tough skin 1
a: Renounce Religion, Fiery Armour, Foxfire Swarm, Rising Flame


You were on level 3 of the Dungeon.
You worshipped Ignis.
Ignis was extremely pleased with you.
You visited 1 branch of the dungeon, and saw 3 of its levels.

You collected 127 gold pieces.

Inventory:

Hand Weapons
 a - a +1 hunting sling of chaos
Armour
 b - a +1 robe (worn)
Jewellery
 d - a +4 ring of evasion (left claw)
Scrolls
 c - a scroll of immolation
 e - a scroll of fog {unknown}
 g - a scroll of blinking {unknown}
Potions
 f - 3 potions of heal wounds


   Skills:
 + Level 1.8 Fighting
 + Level 3.2 Slings
 + Level 2.0 Dodging
 + Level 0.7 Stealth
 + Level 2.0 Unarmed Combat


You had 3 spell levels left.
You didn't know any spells.
Your spell library contained the following spells:

 Spells                   Type           Power      Damage    Failure   Level
 Animate Skeleton         Necr           0%         N/A       47%         1
 Apportation              Tloc           0%         N/A       47%         1
 Sandblast                Erth           0%         2d4       47%         1
 Slow                     Hex            0%         N/A       47%         1
 Summon Small Mammal      Summ           0%         N/A       47%         1
 Passwall                 Tmut/Erth      0%         N/A       63%         2
 Confusing Touch          Hex            0%         N/A       85%         3
 Gell's Gravitas          Tloc           0%         N/A       85%         3
 Stone Arrow              Conj/Erth      0%         3d7       85%         3
 Teleport Other           Tloc           0%         N/A       85%         3
 Vampiric Draining        Necr           0%         2d6       85%         3
 Dispersal                Tloc           0%         N/A       100%        6


Dungeon Overview and Level Annotations

Branches:
Dungeon (3/15)

Altars:
Fedhas
Okawaru
Ignis

Annotations:
D:3 1 runed translucent door, Robin; Vangrel's ghost, amateur HOFi


Innate Abilities, Weirdness & Mutations

You are too large for most types of armour.
You have claws for hands.
Your natural rate of healing is unusually fast.
You are covered in fur. (AC +1)
You have tough skin. (AC +1)


Message History

The goblin wields a +0 club.
The goblin barely misses you. The hobgoblin hits you.
The goblin hits you with a +0 club. The hobgoblin closely misses you.
You barely miss the goblin. The goblin barely misses you.
The goblin hits you but does no damage. The goblin closely misses you.
The hobgoblin closely misses you. The goblin closely misses you.
The hobgoblin misses you.
You barely miss the goblin.
The goblin hits you but does no damage. x2
The goblin hits you with a +0 club. The hobgoblin completely misses you.
Robin roars a battlecry!
The goblins go into a battle-frenzy!
The hobgoblin hits you but does no damage.
The goblin hits you with a +0 club.
You barely miss the goblin. The goblin hits you but does no damage.
The goblin hits you with a +0 club. x2; The goblin closely misses you.
The hobgoblin completely misses you. The hobgoblin closely misses you.
You closely miss the goblin.
The goblin splashes around in the water.
The goblin hits you with a +0 club. x2; The hobgoblin hits you.
* * * LOW HITPOINT WARNING * * *
The goblin completely misses you. The hobgoblin barely misses you.
You closely miss the goblin. The goblin hits you with a +0 dagger.
* * * LOW HITPOINT WARNING * * *
The goblin closely misses you. The goblin hits you with a +0 club.
* * * LOW HITPOINT WARNING * * *
The goblin hits you with a +0 club.
* * * LOW HITPOINT WARNING * * *
The hobgoblin misses you.
The hobgoblin splashes around in the water.
You closely miss the goblin. The goblin hits you with a +0 dagger.
* * * LOW HITPOINT WARNING * * *
The goblin hits you but does no damage. The goblin closely misses you.
The hobgoblin closely misses you. The hobgoblin hits you.
* * * LOW HITPOINT WARNING * * *
The goblin barely misses you.
You barely miss the goblin.
The goblin splashes around in the water.
The goblin misses you. x2; The hobgoblin completely misses you.
The goblin hits you with a +0 club.
You die...

### ##...####
......gg#####
....≈≈gg@g..##
..≈≈≈≈≈ggg...#
.≈≈≈≈≈≈≈≈≈...##
≈≈≈≈≈≈≈≈≈≈≈...#
≈≈≈≈.>.≈≈≈≈...#
≈≈≈♣...P≈≈≈≈..###
≈≈≈.._..≈≈≈≈....#
####
≈.P...≈≈≈≈.##.#
#...
≈≈P<.≈≈≈≈..##)##
#...


You could see Robin, 2 hobgoblins and 5 goblins.

Vanquished Creatures
  Natasha (D:2)
  A dart slug (D:1)
  2 worms (D:2)
  An orc (D:3)
  5 endoplasms
  A giant cockroach (D:1)
  5 goblins
  6 hobgoblins
  4 jackals (D:1)
  A kobold (D:1)
  2 quokkas
  3 ball pythons
  3 bats
  3 frilled lizards
  12 rats
50 creatures vanquished.

Notes
Turn   | Place    | Note
-------+----------+-------------------------------------------
     0 | D:1      | Jortsu the Troll Hunter began the quest for the Orb.
     0 | D:1      | Reached XP level 1. HP: 19/19 MP: 0/0
   104 | D:1      | Reached XP level 2. HP: 23/27 MP: 1/1
   160 | D:1      | Reached skill level 3 in Slings
   450 | D:1      | Reached XP level 3. HP: 33/33 MP: 2/2
   582 | D:2      | Found an iron altar of Okawaru.
   619 | D:2      | Reached skill level 1 in Unarmed Combat
   981 | D:2      | Noticed Natasha
   988 | D:2      | Killed Natasha
   989 | D:2      | Reached XP level 4. HP: 26/42 MP: 3/3
  1689 | D:3      | Found a runed translucent door.
  1691 | D:3      | Noticed Vangrel's ghost (amateur HOFi)
  1736 | D:3      | Found a faded altar of an unknown god.
  1751 | D:3      | Prayed at the altar of an unknown god.
  1751 | D:3      | Became a worshipper of Ignis, the Dying Flame
  1782 | D:3      | Found a blossoming altar of Fedhas.
  1785 | D:3      | Noticed Robin
  1807 | D:3      | Slain by a goblin

Illustrated notes

Levels and vault maps discovered:
D:1:      pf_arrival_petrified_forest, layout_rooms, glass_columns_a,
          fountainhead, minmay_rat_gold_closets
D:2:      layout_basic, basic_altar, uniq_natasha
D:3:      layout_rooms, mainiacjoe_overflow_surrounded_room,
          fedhas_ov_isle_minmay, hellmonk_ecumenical_altar_run_dry,
          ebering_ghost_sewer_f, pf_guarded_unrand_woodcutter, uniq_robin,
          uniq_crazy_yiuf_cottage, uniq_jessica

Skill      XL: |  1  2  3  4 |
---------------+-------------+-----
Slings         | 3 |  3.2
Unarmed Combat | 1 2 |  2.0
Dodging        | 2 |  2.0
Fighting       | |  1.8
Stealth        | |  0.7

Action                   |  1- 3 |  4- 6 || total
-------------------------+-------+-------++-------
Melee: Unarmed           |   109 |    40 ||   149
       Punch             |     1 |       ||     1
  Use: Scroll            |     4 |     3 ||     7
 Stab: Sleeping          |     2 |     2 ||     4
Armor: Robe              |    26 |    24 ||    50
Dodge: Dodged            |    87 |    52 ||   139

Table legend: (Time is in decaauts)
 A = Elapsed time spent in this place.
 B = Non-inter-level travel time spent in this place.
 C = Inter-level travel time spent in this place.
 D = Time resting spent in this place.
 E = Time spent auto-exploring this place.
 F = Levels seen in this place.
 G = Mean time per level.
                   A        B        C        D        E       F      G
               +--------+--------+--------+--------+--------+-----+--------+
         Total |   1803 |   1587 |    216 |    114 |    904 |   3 |  601.0 |
       Dungeon |   1803 |   1587 |    216 |    114 |    904 |   3 |  601.0 |
               +--------+--------+--------+--------+--------+-----+--------+

Top non-repeatable levels by time:
     D:2: 1123 daAuts
     D:1: 530 daAuts
     D:3: 149 daAuts
